 Dungeon Crawl Stone Soup version 0.19.4-8-ga85b6b9 (webtiles) character file.

57 sveltemanboy the Insei (level 4, 0/21 HPs)
             Began as a Vine Stalker Transmuter on Feb 14, 2017.
             Slain by a worm (6 damage)
             ... on level 3 of the Dungeon.
             The game lasted 00:03:46 (2233 turns).

sveltemanboy the Insei (Vine Stalker Transmuter)    Turns: 2233, Time: 00:03:47

Health: 0/21       AC:  3    Str: 12    XL:     4   Next: 0%
Magic:  0/8        EV: 12    Int: 14    God:
Gold:   61         SH:  0    Dex: 15    Spells: 3 memorised, 1 level left

rFire  . . .     SeeInvis .       - Unarmed
rCold  . . .     Gourm    .     b - +0 robe
rNeg   . . .     Faith    +     (no shield)
rPois  .         Spirit   +     (no helmet)
rElec  .         Reflect  .     (no cloak)
rCorr  .         Harm     .     e - +0 pair of gloves
MR     +....                    (boots currently unavailable)
Stlth  +.........               o - amulet of faith
                                v - ring of protection from magic
                                l - +1 ring of slaying

@: appendage (expiring)
A: fangs 2, talons 3, regeneration 1, magic shield, antimagic bite, no device
heal 3, rot immunity
a: End Transformation


You were on level 3 of the Dungeon.
You were not hungry.
You had grown temporary talons.
You visited 1 branch of the dungeon, and saw 3 of its levels.

You collected 61 gold pieces.

Inventory:

Missiles
 a - 27 arrows
Armour
 b - a +0 robe (worn)
 e - a +0 pair of gloves (worn)
Jewellery
 l - a +1 ring of slaying (left hand)
 o - an amulet of faith (around neck)
 v - a ring of protection from magic (right hand)
Scrolls
 i - 3 scrolls of remove curse
 j - a scroll of amnesia
 n - 2 scrolls of enchant armour {unknown}
 r - a scroll of identify {unknown}
Potions
 f - a potion of resistance {unknown}
 g - a potion of flight {unknown}
 k - a potion of degeneration {unknown}
 m - a potion of curing {unknown}
 q - a potion of ambrosia {unknown}
 s - a potion of agility {unknown}
 t - 2 potions of haste {unknown}
 u - a potion of lignification {unknown}
Books
 c - a book of Changes

   Spells                             Type                      Level
   a - Beastly Appendage              Transmutation                1
   b - Sticks to Snakes               Transmutation                2
   c - Spider Form                    Transmutation/Poison         3
   d - Ice Form                       Ice/Transmutation            4
   e - Blade Hands                    Transmutation                5
Comestibles
 d - 4 bread rations
 p - 3 fruits
 w - 3 chunks of flesh


   Skills:
 - Level 0.8 Fighting
 - Level 1.5 Dodging
 + Level 3.7 Unarmed Combat
 - Level 2.1 Spellcasting
 * Level 3.4 Transmutations
 + Level 0.0 Poison Magic


You had one spell level left.
You knew the following spells:

 Your Spells              Type           Power        Failure   Level  Hunger
a - Beastly Appendage     Tmut           ##....       6%          1    #......
b - Sticks to Snakes      Tmut           ##......     10%         2    ###....
c - Spider Form           Tmut/Pois      #.........   38%         3    ###....


Dungeon Overview and Level Annotations

Branches:
Dungeon (3/15)

Altars:
Uskayaw


Innate Abilities, Weirdness & Mutations

You have extremely sharp teeth.
Your natural rate of healing is unusually fast.
When hurt, damage is shared between your health and your magic reserves.
Your bite disrupts and absorbs the magic of your enemies.
Potions and wands cannot restore your health.
You are immune to rotting.
You have claws for feet.


Message History

Your transformation is almost over.
The orc hits you with a flail. The orc barely misses you.
You closely miss the orc. You bite the orc. You drain its power.
You feel invigorated.
You kill the orc!
You have reached level 4!
You feel agile.
You begin to heal more quickly.
The orc closely misses you. x2
You hit the worm. Your kick misses the worm.
The worm is lightly wounded.
The orc barely misses you. The worm bites you!
* * * LOW HITPOINT WARNING * * *
As you read the scroll labeled BURHATHIAPP, it crumbles to dust.
It is a scroll of amnesia.
Forget which spell ([?*] list [ESC] exit)?
Forget which spell ([?*] list [ESC] exit)?
Okay, then.
The orc barely misses you. The worm bites you!
You die...

#.# ### #..
##.## ###
######.#.#####
#......=#....#
#.####...†<÷.#
##.##.(.#
#####.####
#@wo...#
#o#>##.#.#
#o#.#...#
#..(...##
....>...#..##
#.......#....#
#..........%.#
#.....#####..#
#..... ..


You could see a worm and 3 orcs.

Vanquished Creatures
  An adder (D:2)
  A worm (D:2)
  2 leopard geckos
  2 orcs (D:3)
  3 bats
  2 goblins
  2 hobgoblins
  6 jackals (D:1)
  A quokka (D:2)
  A ball python (D:3)
  3 frilled lizards (D:1)
  A kobold (D:2)
  8 rats
33 creatures vanquished.

Vanquished Creatures (collateral kills)
  An adder (D:2)
1 creature vanquished.

Grand Total: 34 creatures vanquished

Notes
Turn   | Place    | Note
-------+----------+-------------------------------------------
     0 | D:1      | sveltemanboy the Vine Stalker Transmuter began the quest for the Orb.
     0 | D:1      | Reached XP level 1. HP: 9/9 MP: 4/4
   394 | D:1      | Reached XP level 2. HP: 5/14 MP: 0/6
   600 | D:1      | Learned a level 2 spell: Sticks to Snakes
  1183 | D:2      | Found a hide-covered altar of Uskayaw.
  1203 | D:2      | Reached XP level 3. HP: 15/17 MP: 7/7
  2215 | D:3      | Learned a level 3 spell: Spider Form
  2230 | D:3      | Gained mutation: Your natural rate of healing is unusually fast. [Vine Stalker growth]
  2230 | D:3      | Reached XP level 4. HP: 9/21 MP: 8/8
  2233 | D:3      | Slain by a worm

Skill      XL: |  1  2  3 |
---------------+----------+-----
Transmutations | 3 |  3.4
Fighting       | |  0.8
Dodging        | |  1.5
Unarmed Combat | |  3.7
Spellcasting   | |  2.1

Action                   |  1- 3 |  4- 6 || total
-------------------------+-------+-------++-------
Melee: Unarmed           |   105 |     1 ||   106
       Bite              |    26 |       ||    26
       Punch             |     3 |       ||     3
       Kick              |     6 |       ||     6
       Headbutt          |     3 |       ||     3
 Cast: Beastly Appendage |    10 |       ||    10
       Sticks to Snakes  |     5 |       ||     5
  Use: Scroll            |     2 |     1 ||     3
  Eat: Chunk             |     5 |       ||     5
Armor: Robe              |    14 |       ||    14
Dodge: Dodged            |    73 |     4 ||    77
